 Dungeon Crawl Stone Soup version 0.26-a0-466-g989023bd0d (webtiles) character file.

Game seed: 11925125540491589035

519391 sking99 the Wrestler (level 24, -1/258 HPs)
             Began as a Troll Monk on Aug 9, 2020.
             Was an Initiate of Gozag.
             Slain by an enormous slime creature (66 damage)
             ... on level 1 of the Pits of Slime.
             The game lasted 02:14:12 (57753 turns).

sking99 the Wrestler (Troll Monk)                  Turns: 57753, Time: 02:14:12

Health: -1/258     AC: 17    Str: 34    XL:     24   Next: 59%
Magic:  3/22       EV: 10    Int:  6    God:    Gozag
Gold:   8666       SH: 26    Dex: 10    Spells: 23/23 levels left

rFire    + + +     SeeInvis +     - Unarmed
rCold    + . .     Faith    .   R - +3 tower shield
rNeg     + + .     Spirit   .   c - +1 shadow dragon scales "Nyaps" {rC+ Stlth++++}
rPois    +         Reflect  .   E - +2 hat {MR+}
rElec    .         Harm     .   D - +2 cloak {MR+}
rCorr    +                      (gloves unavailable)
MR       +++..                  (boots unavailable)
Stlth    ++........             F - amulet "Umyith" {Acrobat rPois rF+ SInv}
HPRegen  0.93/turn              w - ring of Robustness {AC+8}
MPRegen  0.18/turn              a - ring of Kuozxaw {rF++ rN++ rCorr}

@: corroded, gold aura
A: large, unfitting armour, claws 3, blurry vision 1, clumsy 1, deformed body,
regeneration 1, shaggy fur 1, tough skin 3
}: 2/15 runes: decaying, gossamer
a: Potion Petition, Call Merchant, Bribe Branch, Renounce Religion


You were on level 1 of the Pits of Slime.
You worshipped Gozag.
Gozag was greatly pleased with you.
You visited 9 branches of the dungeon, and saw 46 of its levels.
You also visited: Ossuary, Bailey, Gauntlet, Ice Cave and Volcano.

You collected 29988 gold pieces.
You spent 6560 gold pieces at shops.
You paid 14762 gold pieces to Gozag.

Inventory:

Armour
 c - the +1 shadow dragon scales "Nyaps" (worn) {rC+ Stlth++++}
   (You bought it in a shop on level 2 of the Orcish Mines)

   It protects you from cold.
   It makes you much more stealthy.
 D - a +2 cloak of magic resistance (worn)
 E - a +2 hat of magic resistance (worn)
 R - a +3 tower shield (worn)
Jewellery
 a - the ring of Kuozxaw (right claw) {rF++ rN++ rCorr}
   (You bought it in a shop on level 4 of the Spider Nest)

   [ring of resist corrosion]

   It greatly protects you from fire.
   It greatly protects you from negative energy.
   It provides partial protection from all sources of acid and corrosion.
 j - an uncursed ring of poison resistance
 m - an uncursed ring of magical power
 w - the ring of Robustness (left claw) {AC+8}
   (You found it on level 5 of the Depths)

   [ring of protection]

   It affects your AC (+8).
 z - an uncursed ring of protection from magic
 B - the ring of Lucidity {Fire rElec}
   (You bought it in a shop on level 2 of the Orcish Mines)

   [ring of fire]

   It enhances your fire magic.
   It protects you from fire.
   It makes you vulnerable to cold.
   It insulates you from electricity.
 C - the ring "Tuoss" {rF+ rC+ Str+6 Int+2 SInv}
   (You bought it in a shop on level 8 of the Dungeon)

   [ring of strength]

   It affects your strength (+6).
   It affects your intelligence (+2).
   It protects you from fire.
   It protects you from cold.
   It lets you see invisible.
 F - the amulet "Umyith" (around neck) {Acrobat rPois rF+ SInv}
   (You took it off a rakshasa on level 3 of the Depths)

   [amulet of the acrobat]

   It helps you evade while moving and waiting.
   It protects you from fire.
   It protects you from poison.
   It lets you see invisible.
Wands
 k - a wand of iceblast (31)
 n - a wand of paralysis (37)
 r - a wand of clouds (7)
 v - a wand of enslavement (19)
 N - a wand of acid (29)
 S - a wand of digging (4)
 U - a wand of disintegration (21)
Scrolls
 b - 15 scrolls of blinking
 d - 5 scrolls of amnesia
 f - 31 scrolls of teleportation
 g - 11 scrolls of magic mapping
 i - 2 scrolls of holy word
 q - 8 scrolls of fog
 s - 17 scrolls of remove curse
 u - 6 scrolls of immolation
 y - 20 scrolls of identify
 I - 2 scrolls of enchant weapon
 J - 2 scrolls of silence
 L - 7 scrolls of fear
 T - 7 scrolls of summoning
 Y - 5 scrolls of enchant armour
Potions
 e - 4 potions of ambrosia
 h - 26 potions of curing
 l - 12 potions of brilliance
 o - 10 potions of heal wounds
 p - 6 potions of mutation
 t - 4 potions of resistance
 x - 11 potions of flight
 A - 8 potions of invisibility
 G - 9 potions of haste
 H - 5 potions of magic
 K - 2 potions of cancellation
 M - 3 potions of berserk rage
 O - 6 potions of might
 V - a potion of stabbing
Miscellaneous
 Q - a lightning rod (4/4)
 W - 3 phantom mirrors
 Z - a phial of floods


   Skills:
 + Level 18.5 Fighting
 + Level 12.3 Armour
 - Level 6.8 Dodging
 - Level 1.0 Stealth
 - Level 17.4 Shields
 * Level 24.7 Unarmed Combat
 + Level 13.4 Evocations


You had 23 spell levels left.
You didn't know any spells.
Your spell library contained the following spells:

 Spells                   Type           Power        Failure   Level
 Animate Skeleton         Necr           #.....       83%         1
 Apportation              Tloc           #.....       83%         1
 Corona                   Hex            #......      83%         1
 Foxfire                  Conj/Fire      #...         83%         1
 Freeze                   Ice            #...         83%         1
 Magic Dart               Conj           #...         83%         1
 Pain                     Necr           #...         83%         1
 Sandblast                Erth           #.....       83%         1
 Sting                    Tmut/Pois      #...         83%         1
 Summon Small Mammal      Summ           #...         83%         1
 Blink                    Tloc           N/A          93%         2
 Call Imp                 Summ           #.......     93%         2
 Passwall                 Tmut/Erth      #.......     93%         2
 Poisonous Vapours        Pois/Air       #.....       93%         2
 Searing Ray              Conj           #.....       93%         2
 Slow                     Hex            #.......     93%         2
 Swiftness                Air            #.......     93%         2
 Confusing Touch          Hex            #.......     99%         3
 Conjure Flame            Conj/Fire      #.......     99%         3
 Dazzling Flash           Conj/Hex       #.....       99%         3
 Frozen Ramparts          Ice            #.....       99%         3
 Gell's Gravitas          Tloc           #.........   99%         3
 Ignite Poison            Fire/Tmut/Pois #.......     99%         3
 Inner Flame              Hex/Fire       #.......     99%         3
 Mephitic Cloud           Conj/Pois/Air  #.......     99%         3
 Ozocubu's Armour         Ice            #.......     99%         3
 Portal Projectile        Hex/Tloc       #.....       99%         3
 Spider Form              Tmut/Pois      #.........   99%         3
 Stone Arrow              Conj/Erth      #.....       99%         3
 Animate Dead             Necr           #.........   100%        4
 Cause Fear               Hex            #.........   100%        4
 Fulminant Prism          Conj/Hex       #.........   100%        4
 Hailstorm                Conj/Ice       #.......     100%        4
 Iskenderun's Mystic Bla  Conj/Tloc      #.......     100%        4
 Leda's Liquefaction      Hex/Erth       #.........   100%        4
 Olgreb's Toxic Radiance  Pois           #.......     100%        4
 Passage of Golubria      Tloc           N/A          100%        4
 Petrify                  Tmut/Erth      #.......     100%        4
 Sticky Flame             Conj/Fire      #.......     100%        4
 Summon Ice Beast         Ice/Summ       #.......     100%        4
 Summon Lightning Spire   Summ/Air       #.......     100%        4
 Agony                    Necr           #.......     100%        5
 Alistair's Intoxication  Tmut/Pois      #........    100%        5
 Bolt of Magma            Conj/Fire/Erth #.........   100%        5
 Borgnjor's Vile Clutch   Necr/Erth      #.........   100%        5
 Fireball                 Conj/Fire      #.........   100%        5
 Iskenderun's Battlesphe  Conj           #.......     100%        5
 Lee's Rapid Deconstruct  Erth           #.........   100%        5
 Lightning Bolt           Conj/Air       #.........   100%        5
 Metabolic Englaciation   Hex/Ice        #.........   100%        5
 Silence                  Hex/Air        #.........   100%        5
 Yara's Violent Unravell  Hex/Tmut       #.........   100%        5
 Conjure Ball Lightning   Conj/Air       #.........   100%        6
 Death Channel            Necr           #.........   100%        6
 Invisibility             Hex            #.......     100%        6
 Iron Shot                Conj/Erth      #.........   100%        6
 Simulacrum               Ice/Necr       #.........   100%        6
 Starburst                Conj/Fire      #.........   100%        6
 Statue Form              Tmut/Erth      #........    100%        6
 Malign Gateway           Summ/Tloc      #.........   100%        7
 Monstrous Menagerie      Summ           #.........   100%        7
 Summon Greater Demon     Summ           #.........   100%        7
 Ignition                 Fire           #.........   100%        8
 Summon Horrible Things   Summ           #.........   100%        8
 Shatter                  Erth           #.........   100%        9
 Tornado                  Air            #.........   100%        9


Dungeon Overview and Level Annotations

Branches:
Dungeon (15/15)            Temple (0/1) D:5            Lair (6/6) D:9
  Swamp (4/4) Lair:4       Spider (4/4) Lair:3        Slime (2/5) Lair:5
    Orc (2/2) D:9             Elf (3/3) Orc:2        Vaults (5/5) D:13
  Crypt (0/3) Vaults:3     Depths (5/5) D:15            Zot (0/5) Depths:5
Ossuary (visited)          Bailey (visited)           IceCv (visited)
Volcano (visited)         Gauntlet (visited)

Altars:
Cheibriados
Dithmenos
Elyvilon
Fedhas
Gozag
Hepliaklqana
Kikubaaqudgha
Okawaru
Qazlal
Sif Muna
Trog
Vehumet
Xom
Yredelemnul
Zin
The Shining One
Beogh
Lugonu

Shops:
D:6 (   D:8 =   D:9 [   Orc:2 (*[[*=(   Elf:3 ?**   Spider:4 =*   Vaults:1 =
Vaults:2 *=   Vaults:4 ?[[

Portals:
Hell: Depths:1 Depths:2 Depths:3 Depths:4 Depths:5
Abyss: Depths:2 Depths:4
Pandemonium: Depths:3
Ziggurat: Depths:5
Trove: D:12 (give +4 storm dragon scales)

Annotations:
D:3 2 transporters, PeterMcNeter's ghost, amateur PaFi
Elf:3 3 runed translucent doors, Dicoal's ghost, adept HaCK; Qoegg's ghost, adept DsGl; Ruet's ghost, adept CeHu; Xenophilius's ghost, adept KoFE; Yorgos's ghost, adept DsGl
Vaults:1 3 runed translucent doors, Tailuq's ghost, adept DEVM


Innate Abilities, Weirdness & Mutations

You are too large for most types of armour.
You have claws for hands.
Your natural rate of healing is unusually fast.
You are covered in fur. (AC +1)
You have extremely tough skin. (AC +3)
Scrolls take you a little longer to read.
You are clumsy. (Dex -2)
Armour fits poorly on your strangely shaped body.


Message History

You scratch the slime creature.
The slime creature is lightly wounded.
You block the slime creature's attack. The large slime creature hits you!
You block the slime creature's attack.
A large slime creature splits.
You barely miss the slime creature.
The slime creature is lightly wounded.
The enormous slime creature hits you! The acid blob spits acid at you.
The splash of acid hits you. You resist.
You are splashed with acid!
You resist.
You scratch the slime creature but do no damage.
The slime creature is lightly wounded.
You block the slime creature's attack. The large slime creature hits you!
* * * LOW HITPOINT WARNING * * *
You block the slime creature's attack. The slime creature hits you!
* * * LOW HITPOINT WARNING * * *
The slime creature hits you but does no damage.
The acid blob barely misses you. The enormous slime creature hits you!!!
You die...
Your body crumbles into a pile of gold.

##.................
#..................#
##.<.................
##................#...
#.#.....#..>............
.......#................
#...$.##................
.#...##........JJJ......
.....#.#.......J@J......
................JJ......
.......##.#.............
..#.#.# #.#.............
##...## ................
##.#.............
####......^..#..
##.#.....##..


You could see an acid blob, an enormous slime creature, a large slime creature
and 4 slime creatures.

Vanquished Creatures
  A juggernaut (Depths:5)
  Bai Suzhen (Swamp:3)
  Margery (Vaults:4)
  A caustic shrike (shapeshifter) (Depths:4)
  A bone dragon (Depths:4)
  Arachne (Spider:4)
  4 liches
  3 tentacled monstrosities
  Jorgrun (Orc:1)
  A titan (Depths:4)
  Asterion (Vaults:1)
  3 deep elf blademasters
  3 acid blobs
  An acid blob (shapeshifter) (Depths:4)
  2 deep elf master archers (Elf:3)
  A quicksilver dragon (Depths:3)
  An ancient champion (Vaults:3)
  Gastronok (Lair:1)
  A sphinx (Depths:4)
  A storm dragon (Depths:5)
  Kirke (D:13)
  2 thorn hunters (Swamp:4)
  10 tengu reavers
  Roxanne (Elf:1)
  A shadow dragon (Elf:1)
  9 fire giants
  3 orc warlords
  12 frost giants
  A fire giant (shapeshifter) (Depths:4)
  3 ghost moths (Spider:4)
  7 deep elf sorcerers
  8 vault wardens
  A draconian shifter (Depths:5)
  8 iron dragons
  2 iron dragons (shapeshifter) (Depths:4)
  Aizul (Spider:1)
  6 emperor scorpions
  3 deep elf elementalists (Elf:3)
  10 ironheart preservers
  A spriggan defender (Depths:3)
  3 war gargoyles
  16 stone giants
  2 entropy weavers (Spider:4)
  22 very ugly things
  A black draconian (Depths:5)
  6 deep elf demonologists
  10 deep elf annihilators
  A purple draconian (Depths:5)
  4 vampire knights
  Azrael (Spider:2)
  A lorocyproca (Depths:4)
  A minotaur (shapeshifter) (Depths:4)
  7 spark wasps
  A minotaur (Gauntlet)
  2 yellow draconians (Depths:5)
  A dire elephant (D:15)
  A red draconian (Depths:5)
  12 ettins
  A crystal guardian (Depths:4)
  9 deep elf death magi
  Snorg (Lair:5)
  5 jiangshi
  6 yaktaur captains
  11 vault guards
  16 fire dragons
  A deep elf high priest (Elf:3)
  7 rakshasas
  9 great orbs of eyes
  2 juggernaut simulacra (Depths:4)
  26 hydras
  14 ice dragons
  9 spriggan air magi
  Harold (D:7)
  5 catoblepae
  A shambling mangrove (Swamp:4)
  11 alligators
  2 ghost crabs (Swamp:2)
  A satyr (shapeshifter) (Depths:4)
  14 centaur warriors
  20 ogre magi
  20 death yaks
  5 tengu warriors
  55 two-headed ogres
  2 death knights
  8 deep troll shamans
  12 deep troll earth magi
  5 vampire magi
  5 spriggan berserkers
  An orc high priest (Orc:2)
  6 spriggans
  A soul eater (Depths:3)
  A fire crab (shapeshifter) (Depths:3)
  10 hell knights
  20 deep elf knights
  Sonja (Lair:1)
  A shadow wraith (Vaults:2)
  A skeletal warrior (Vaults:2)
  7 iron trolls
  A salamander mystic (Volcano)
  2 spriggan druids
  16 deep elf archers
  2 glowing orange brains
  3 flayed ghosts
  23 deep trolls
  2 unseen horrors
  Pikel (D:7)
  11 swamp dragons
  10 wizards
  A deep troll (shapeshifter) (Depths:5)
  8 necromancers
  18 orc knights
  10 harpies
  19 orb spiders
  2 tengu zombies
  12 ironbrand convokers
  A lindwurm (Lair:6)
  3 cyclopes
  A manticore (shapeshifter) (Depths:4)
  46 wolf spiders
  A shadow dragon skeleton (Vaults:4)
  5 orc sorcerers
  A manticore (D:11)
  2 fauns (shapeshifter)
  A shining eye (shapeshifter) (Depths:5)
  61 ugly things
  47 deep elf magi
  3 moths of wrath
  5 salamanders (Volcano)
  9 elephants
  3 shining eyes
  2 sphinx skeletons (Depths:1)
  A guardian serpent (shapeshifter) (D:15)
  A salamander (shapeshifter) (Elf:2)
  15 vault sentinels
  A naga mage (D:15)
  2 smoke demons (Gauntlet)
  A frost giant skeleton (Vaults:2)
  2 black mambas
  4 torpor snails
  4 ice statues (IceCv)
  14 cane toads
  3 gargoyles
  2 minotaur zombies (Gauntlet)
  A hellion (Depths:3)
  A yaktaur (shapeshifter) (D:12)
  2 efreet (Depths:4)
  3 freezing wraiths
  5 komodo dragons
  11 demonic crawlers
  45 yaktaurs
  7 ice devils (IceCv)
  2 rime drakes
  A spriggan skeleton (Depths:1)
  4 tengu conjurers
  2 hellwings (Depths:3)
  A queen bee (shapeshifter) (Depths:4)
  A red devil (Gauntlet)
  3 meliai (D:12)
  9 tyrant leeches
  6 trolls
  32 jumping spiders
  A jumping spider (shapeshifter) (Elf:1)
  14 hornets
  8 bog bodies
  46 slime creatures
  Prince Ribbit (D:5)
  A raiju (shapeshifter) (Vaults:1)
  10 hippogriffs
  A dream sheep (shapeshifter) (Depths:4)
  An ettin zombie (Depths:1)
  10 dream sheep
  A hippogriff (shapeshifter) (Depths:1)
  3 blink frogs (Lair:3)
  3 air elementals
  84 redbacks
  10 water elementals
  3 vampires
  7 shadows
  3 wyverns
  52 tarantellas
  A ynoxinul (Depths:3)
  A redback (shapeshifter) (Depths:4)
  14 yaks
  A human (D:9)
  5 wraiths
  6 fire elementals
  3 hogs (D:13)
  A fire bat (shapeshifter) (D:13)
  6 fire bats (Volcano)
  2 elf zombies (Depths:3)
  A neqoxec (Depths:3)
  A basilisk (shapeshifter) (D:15)
  15 vampire mosquitoes
  2 basilisks
  A golden eye (shapeshifter) (Depths:1)
  A human simulacrum (Vaults:4)
  Grum (D:8)
  Menkaure (D:7)
  5 wargs
  3 insubstantial wisps
  17 swamp worms
  A deep troll zombie (Vaults:4)
  A warg (shapeshifter) (Vaults:4)
  4 acid dragons
  12 water moccasins
  2 soldier ants
  Duvessa (D:7)
  A hornet zombie (D:8)
  A floating eye (Depths:3)
  4 hell hounds
  6 black bears
  65 orc warriors
  7 porcupines
  2 ice beasts
  2 sky beasts
  3 phantoms
  9 swamp drakes
  2 eyes of draining
  2 eyes of draining (shapeshifter)
  13 boggarts
  7 wolves
  A wolf (shapeshifter) (Depths:4)
  46 ogres
  22 centaurs
  9 crocodiles
  An elf simulacrum (Vaults:4)
  4 big kobolds
  9 bullfrogs
  11 earth elementals
  3 elf skeletons
  Dowan (D:7)
  A wyvern skeleton (D:6)
  4 scorpions
  7 killer bees
  13 wights
  3 electric eels
  2 vampire bats (Lair:6)
  7 howler monkeys
  5 lava snakes (Volcano)
  7 crimson imps
  A draconian simulacrum (IceCv)
  5 centaur zombies
  15 jellies
  23 orc priests
  A bullfrog skeleton (D:7)
  2 quasits (Depths:3)
  4 hounds
  2 human zombies
  4 centaur skeletons
  2 iron imps (Depths:3)
  2 human skeletons
  Jessica (D:2)
  5 iguanas
  Natasha (thrice) (D:2)
  29 orc wizards
  8 worker ants
  3 troll simulacra (IceCv)
  3 big kobold zombies (Ossuary)
  A centaur simulacrum (IceCv)
  A hound zombie (Ossuary)
  2 hound skeletons
  4 mummies (Ossuary)
  4 naga simulacra (IceCv)
  8 adders
  An ogre simulacrum (IceCv)
  3 shadow imps
  13 white imps
  3 ufetubi
  An ooze (Lair:5)
  4 worms
  2 dart slugs
  7 leopard geckos
  134 orcs
  A ball python (D:8)
  10 bats
  8 giant cockroaches
  10 goblins
  4 hobgoblins
  17 jackals
  25 kobolds
  5 quokkas
  4 frilled lizards
  3 goblin zombies (Ossuary)
  A jackal skeleton (D:4)
  2 kobold zombies (Ossuary)
  A leopard gecko skeleton (D:5)
  An orc skeleton (D:8)
  3 orc zombies
  A quokka skeleton (D:7)
  8 rats
  A rat zombie (Ossuary)
  5 briar patches (Swamp:4)
  A plant (D:9)
2123 creatures vanquished.

Vanquished Creatures (collateral kills)
  A white draconian (Depths:5)
  A hornet (Depths:5)
  A spriggan (Depths:5)
3 creatures vanquished.

Vanquished Creatures (others)
  A draconian annihilator (Depths:5)
  A stone giant (Depths:5)
  A white draconian (Depths:5)
  31 dancing weapons
  An orc sorcerer (Elf:1)
  A redback (Spider:2)
  A spriggan (Depths:5)
  2 humans (D:13)
  A swamp drake (Swamp:4)
  2 orc priests (Elf:1)
  2 orc wizards
  3 orcs (Elf:1)
  20 fungi
  12 plants
  29 withered plants (Gauntlet)
108 creatures vanquished.

Grand Total: 2234 creatures vanquished

Notes
Turn   | Place    | Note
-------+----------+-------------------------------------------
     0 | D:1      | sking99 the Troll Monk began the quest for the Orb.
     0 | D:1      | Reached XP level 1. HP: 22/22 MP: 0/0
   100 | D:1      | Reached XP level 2. HP: 29/29 MP: 1/1
   461 | D:2      | Noticed Jessica
   480 | D:2      | Killed Jessica
   480 | D:2      | Reached skill level 1 in Armour
   480 | D:2      | Reached XP level 3. HP: 19/36 MP: 2/2
   481 | D:2      | Noticed Natasha
   498 | D:2      | Killed Natasha
   498 | D:2      | Reached XP level 4. HP: 8/44 MP: 3/3
   504 | D:2      | Noticed Natasha
   513 | D:2      | Killed Natasha
   513 | D:2      | Reached skill level 4 in Unarmed Combat
   616 | D:2      | Noticed Natasha
   622 | D:2      | Killed Natasha
   737 | D:2      | Reached XP level 5. HP: 53/53 MP: 4/4
   870 | D:2      | Found a basalt altar of Yredelemnul.
  1166 | D:3      | Found a roughly hewn altar of Beogh.
  1178 | D:3      | Reached skill level 5 in Unarmed Combat
  1324 | D:3      | Reached XP level 6. HP: 61/61 MP: 5/5
  1443 | D:3      | You fall into a shaft and drop 1 floor!
  1565 | D:3      | Found a transporter.
  1565 | D:3      | Noticed PeterMcNeter's ghost (amateur PaFi)
  1589 | D:3      | Found a transporter.
  1855 | D:3      | Found a glowing silver altar of Zin.
  2287 | D:4      | Found a stormy altar of Qazlal.
  2287 | D:4      | Noticed a water elemental
  2288 | D:4      | Noticed an air elemental
  2289 | D:4      | Noticed a fire elemental
  2370 | D:4      | Found an opulent altar of Gozag.
  2906 | D:4      | Reached skill level 6 in Unarmed Combat
  2975 | D:4      | Became a worshipper of Gozag Ym Sagoz the Greedy
  3005 | D:5      | Entered Level 5 of the Dungeon
  3005 | D:5      | Found a snail-covered altar of Cheibriados.
  3055 | D:5      | Noticed a sky beast
  3066 | D:5      | Killed a sky beast
  3066 | D:5      | Reached XP level 7. HP: 54/70 MP: 6/6
  3115 | D:5      | Found a staircase to the Ecumenical Temple.
  3571 | D:5      | Noticed Prince Ribbit
  3637 | D:5      | Noticed a two-headed ogre
  3860 | D:5      | Killed a two-headed ogre
  3860 | D:5      | Reached skill level 5 in Fighting
  3860 | D:5      | Reached skill level 8 in Unarmed Combat
  3860 | D:5      | Reached XP level 8. HP: 18/80 MP: 7/7
  3984 | D:5      | Found a glowing golden altar of the Shining One.
  4187 | D:5      | Found a glowing golden altar of the Shining One.
  4205 | D:5      | Killed Prince Ribbit
  4303 | D:6      | Found Hoonis's Antique Weapon Boutique.
  4407 | D:6      | Reached skill level 9 in Unarmed Combat
  4622 | D:6      | Found a shadowy altar of Dithmenos.
  4907 | D:7      | Reached XP level 9. HP: 87/89 MP: 8/8
  4973 | D:7      | You fall into a shaft and drop 3 floors!
  4973 | D:10     | Entered Level 10 of the Dungeon
  5108 | D:9      | Reached skill level 10 in Unarmed Combat
  5112 | D:9      | Found a staircase to the Orcish Mines.
  5259 | D:8      | Found Bakusowne's Jewellery Shop.
  5333 | D:8      | Noticed Grum
  5349 | D:8      | Killed Grum
  5349 | D:8      | Reached skill level 5 in Dodging
  5396 | D:8      | Found a sand-covered staircase.
  5403 | Ossuary  | Entered an ossuary
  5690 | D:8      | Reached skill level 11 in Unarmed Combat
  5844 | D:7      | Reached XP level 10. HP: 79/100 MP: 9/9
  5945 | D:7      | Found a radiant altar of Vehumet.
  5949 | D:7      | Found an ancient bone altar of Kikubaaqudgha.
  5950 | D:7      | Found a shimmering blue altar of Sif Muna.
  5955 | D:7      | Identified Kikubaaqudgha's Papyrus of Sinister Arts
  5959 | D:7      | Noticed Harold
  5976 | D:7      | Killed Harold
  6075 | D:7      | Noticed Menkaure
  6077 | D:7      | Found a white marble altar of Elyvilon.
  6081 | D:7      | Killed Menkaure
  6255 | D:7      | Noticed Dowan
  6256 | D:7      | Noticed Duvessa
  6257 | D:7      | Found a blossoming altar of Fedhas.
  6258 | D:7      | Noticed Pikel
  6261 | D:7      | Killed Duvessa
  6270 | D:7      | Killed Pikel
  6273 | D:7      | Killed Dowan
  6876 | D:8      | Found a bloodstained altar of Trog.
  7028 | D:9      | Found Cirghesae's Armour Boutique.
  7062 | D:9      | Found a shimmering altar of Xom.
  7063 | D:9      | Found a snail-covered altar of Cheibriados.
  7068 | D:9      | Found a hazy altar of Hepliaklqana.
  7191 | D:9      | Reached skill level 12 in Unarmed Combat
  7217 | D:9      | Found a staircase to the Lair.
  7673 | D:10     | Noticed a cyan ugly thing
  7707 | Lair:1   | Entered Level 1 of the Lair of Beasts
  7763 | D:8      | Bought the ring "Tuoss" {rF+ rC+ Str+6 Int+2 SInv} for 1054
                  | gold pieces
  7880 | Lair:1   | Found a frozen archway.
  7926 | IceCv    | Entered an ice cave
  7959 | IceCv    | Reached XP level 11. HP: 79/109 MP: 10/10
  8482 | IceCv    | Noticed a necromancer
  8579 | IceCv    | Killed a necromancer
  8588 | IceCv    | Got a slimy robe
  8597 | IceCv    | Identified the +1 robe of the Lonely Dances {rN+ Int-5
                  | Stlth+} (You found it in an ice cave)
  8964 | Lair:1   | Noticed Gastronok
  8991 | Lair:1   | Killed Gastronok
  8991 | Lair:1   | Reached skill level 1 in Shields
  8991 | Lair:1   | Reached skill level 13 in Unarmed Combat
  9082 | Lair:1   | Noticed Sonja
  9085 | Lair:1   | Noticed a seven-headed hydra
  9090 | Lair:1   | Killed Sonja
  9234 | Lair:1   | Killed a seven-headed hydra
 10281 | Lair:2   | Reached XP level 12. HP: 114/122 MP: 11/11
 10493 | Lair:3   | Found a hole to the Spider Nest.
 11062 | Lair:4   | Found a gate leading to a gauntlet.
 11078 | Gauntlet | Entered a Gauntlet
 11078 | Gauntlet | Found a transporter.
 11078 | Gauntlet | Found a transporter.
 11093 | Gauntlet | Found a transporter.
 11093 | Gauntlet | Found a transporter.
 11117 | Gauntlet | Found a transporter.
 11124 | Gauntlet | Found a transporter.
 11127 | Gauntlet | Found a transporter.
 11151 | Gauntlet | Found a transporter.
 11158 | Gauntlet | Found a transporter.
 11172 | Gauntlet | Found a transporter.
 11196 | Gauntlet | Found a transporter.
 11232 | Gauntlet | Found a transporter.
 11246 | Gauntlet | Found a transporter.
 11337 | Gauntlet | Found a transporter.
 11346 | Gauntlet | Found a transporter.
 11360 | Gauntlet | Found a transporter.
 11538 | Gauntlet | Reached skill level 14 in Unarmed Combat
 11704 | Gauntlet | Identified the +10 scimitar "Beetleslayer" {vorpal, +Rage
                  | MR+}
 11704 | Gauntlet | Noticed a minotaur
 11724 | Gauntlet | Killed a minotaur
 12087 | Lair:4   | Noticed a five-headed hydra
 12098 | Lair:4   | Killed a five-headed hydra
 12242 | Lair:4   | Noticed a death yak
 12244 | Lair:4   | Noticed an ice dragon
 12261 | Lair:4   | Killed a death yak
 12262 | Lair:4   | Noticed a death yak
 12264 | Lair:4   | Noticed a death yak
 12267 | Lair:4   | Noticed a death yak
 12280 | Lair:4   | Killed a death yak
 12289 | Lair:4   | Killed a death yak
 12296 | Lair:4   | Killed a death yak
 12417 | Lair:4   | Killed an ice dragon
 12417 | Lair:4   | Reached skill level 5 in Shields
 12417 | Lair:4   | Reached skill level 15 in Unarmed Combat
 12823 | Lair:4   | Found a staircase to the Swamp.
 12935 | Lair:4   | Found a snail-covered altar of Cheibriados.
 13336 | Lair:5   | Noticed Snorg
 13537 | Lair:4   | Reached XP level 13. HP: 127/132 MP: 12/12
 13564 | Lair:5   | Killed Snorg
 13704 | Lair:5   | Found a staircase to the Slime Pits.
 13716 | Lair:5   | Found a dark tunnel.
 13723 | Volcano  | Entered a volcano
 13984 | Volcano  | Reached skill level 10 in Fighting
 14209 | Volcano  | Found a radiant altar of Vehumet.
 14248 | Volcano  | Found a burning altar of Makhleb.
 15407 | Lair:6   | Entered Level 6 of the Lair of Beasts
 15438 | Lair:5   | Reached skill level 16 in Unarmed Combat
 16522 | Lair:6   | Reached skill level 1 in Evocations
 16964 | Lair:6   | Reached XP level 14. HP: 144/144 MP: 13/13
 17895 | Orc:1    | Entered Level 1 of the Orcish Mines
 18438 | Orc:2    | Entered Level 2 of the Orcish Mines
 18438 | Orc:2    | Found a staircase to the Elven Halls.
 18471 | Orc:2    | Noticed an orc warlord
 18705 | Orc:2    | Noticed Jorgrun
 18715 | Orc:1    | Killed an orc warlord
 18849 | Orc:1    | Killed Jorgrun
 19034 | Orc:2    | Found Doseloel's Antique Weapon Shoppe.
 19035 | Orc:2    | Noticed an orc warlord
 19096 | Orc:1    | Killed an orc warlord
 19453 | Orc:2    | Reached skill level 17 in Unarmed Combat
 19589 | Orc:2    | Noticed an orc warlord
 19625 | Orc:2    | Killed an orc warlord
 19801 | Orc:2    | Found a roughly hewn altar of Beogh.
 19870 | Orc:2    | Found Jiny's General Store.
 20075 | Orc:2    | Found Xarhief's Jewellery Boutique.
 20164 | Orc:2    | Found Litettim's Antique Weapon Boutique.
 20179 | Orc:2    | Found Emeont's Antique Armour Boutique.
 20186 | Orc:2    | Bought an embroidered cloak for 172 gold pieces
 20210 | Orc:2    | Bought the ring of Lucidity {Fire rElec} for 624 gold
                  | pieces
 20218 | Orc:2    | Bought the quicksilver dragon scales of Boiling Hail {rPois
                  | MR+ MP+9 Stlth+} for 1765 gold pieces
 21523 | D:11     | Reached XP level 15. HP: 154/154 MP: 14/14
 22477 | D:12     | Found a flagged portal.
 22488 | Bailey   | Entered a bailey
 23695 | D:12     | Found a portal to a secret trove of treasure.
 23745 | D:12     | Reached skill level 10 in Shields
 23874 | D:12     | Found an iron altar of Okawaru.
 24036 | D:13     | Got a translucent glass ring
 24095 | D:13     | Got a flickering platinum ring
 24203 | D:13     | Found a gate to the Vaults.
 24585 | D:13     | Reached skill level 5 in Evocations
 24714 | D:13     | Noticed Kirke
 24746 | D:13     | Killed Kirke
 25041 | D:13     | Identified the ring of Fycsemiu {*Tele Int+2 Slay+2} (You
                  | found it on level 13 of the Dungeon)
 25043 | D:13     | Identified the ring of Gemiu {MP+9 Dex+2} (You found it on
                  | level 13 of the Dungeon)
 25868 | D:15     | Entered Level 15 of the Dungeon
 26294 | D:15     | Found a staircase to the Depths.
 26859 | Swamp:1  | Entered Level 1 of the Swamp
 27016 | Lair:4   | Reached XP level 16. HP: 161/165 MP: 15/15
 28640 | Swamp:2  | Reached skill level 18 in Unarmed Combat
 30100 | Swamp:4  | Entered Level 4 of the Swamp
 30100 | Swamp:4  | Noticed Bai Suzhen
 30119 | Swamp:3  | Killed Bai Suzhen
 30690 | Swamp:4  | Noticed a tentacled monstrosity
 30702 | Swamp:4  | Killed a tentacled monstrosity
 30783 | Swamp:4  | HP: 4/167 [eight-headed hydra (18)]
 31188 | Swamp:4  | Noticed a thorn hunter
 31202 | Swamp:4  | Killed a thorn hunter
 31243 | Swamp:4  | Noticed a thorn hunter
 31246 | Swamp:4  | Reached XP level 17. HP: 163/175 MP: 16/16
 31508 | Swamp:4  | Got a decaying rune of Zot
 31728 | Spider:1 | Entered Level 1 of the Spider Nest
 31823 | Spider:1 | Noticed Aizul
 31841 | Spider:1 | Killed Aizul
 31904 | Spider:1 | Identified a scroll of acquirement
 31935 | Spider:1 | Acquired 2800 gold pieces
 32397 | Spider:2 | Noticed Azrael
 32622 | Spider:2 | Killed Azrael
 34650 | Spider:4 | Entered Level 4 of the Spider Nest
 35032 | Spider:4 | Reached XP level 18. HP: 186/187 MP: 17/17
 35849 | Spider:4 | Reached skill level 19 in Unarmed Combat
 36407 | Spider:4 | Noticed Arachne
 36439 | Spider:4 | Killed Arachne
 36570 | Spider:4 | Got a gossamer rune of Zot
 36573 | Spider:4 | Bought the ring of Kuozxaw {rF++ rN++ rCorr} for 770 gold
                  | pieces
 36586 | Spider:4 | Acquired a manual of Shields
 36860 | Vaults:1 | Entered Level 1 of the Vaults
 36952 | Vaults:1 | Noticed Asterion
 36968 | Vaults:1 | Killed Asterion
 37435 | Vaults:1 | Found a runed translucent gate.
 37435 | Vaults:1 | Found a runed translucent gate.
 37435 | Vaults:1 | Found a runed translucent gate.
 37435 | Vaults:1 | Noticed Tailuq's ghost (adept DEVM)
 37542 | Vaults:1 | Reached skill level 5 in Armour
 37799 | Vaults:1 | Reached skill level 15 in Shields
 38030 | Vaults:1 | Found Fueqehil's Jewellery Shoppe.
 38252 | Vaults:2 | Reached XP level 19. HP: 197/197 MP: 18/18
 39236 | Vaults:2 | Reached skill level 20 in Unarmed Combat
 40684 | Vaults:3 | Reached skill level 10 in Evocations
 40814 | Vaults:3 | Reached XP level 20. HP: 208/209 MP: 19/19
 41003 | Vaults:3 | Identified the Grimoire of Confrontation and Poisoning
 41184 | Vaults:3 | Found a staircase to the Crypt.
 41313 | Vaults:3 | Reached skill level 15 in Fighting
 41608 | Vaults:4 | Found Zellaubo's Armour Shoppe.
 41809 | Vaults:4 | Found Turoam's Antique Armour Shop.
 42049 | Vaults:4 | Found Alesureuxt's Magic Scroll Shop.
 42109 | Vaults:4 | Bought a scroll of enchant armour for 105 gold pieces
 42109 | Vaults:4 | Bought a scroll of enchant armour for 105 gold pieces
 42109 | Vaults:4 | Bought a scroll of summoning for 133 gold pieces
 42201 | Vaults:4 | Reached skill level 21 in Unarmed Combat
 43310 | Vaults:5 | Entered Level 5 of the Vaults
 43360 | Vaults:4 | Noticed Margery
 43373 | Vaults:4 | Killed Margery
 43919 | Elf:1    | Entered Level 1 of the Elven Halls
 44057 | Elf:1    | Reached XP level 21. HP: 198/221 MP: 20/20
 44681 | Elf:1    | Found a runed translucent gate.
 44681 | Elf:1    | Found a runed translucent gate.
 44681 | Elf:1    | Found a runed translucent gate.
 44681 | Elf:1    | Found a runed translucent gate.
 44681 | Elf:1    | Found a runed translucent gate.
 44683 | Elf:1    | Found a runed translucent gate.
 44966 | Elf:1    | Noticed Roxanne
 45391 | Elf:1    | Killed Roxanne
 45724 | Elf:2    | Found a runed translucent gate.
 45724 | Elf:2    | Found a runed translucent gate.
 45727 | Elf:2    | Found a runed translucent gate.
 46496 | Elf:3    | Entered Level 3 of the Elven Halls
 46745 | Elf:3    | Found a runed translucent gate.
 46746 | Elf:3    | Found a runed translucent gate.
 46747 | Elf:3    | Found a runed translucent gate.
 46747 | Elf:3    | Noticed Ruet's ghost (adept CeHu)
 46749 | Elf:3    | Noticed Dicoal's ghost (adept HaCK)
 46765 | Elf:3    | Noticed Xenophilius's ghost (adept KoFE)
 46766 | Elf:3    | Noticed Yorgos's ghost (adept DsGl)
 46768 | Elf:3    | Noticed Qoegg's ghost (adept DsGl)
 47096 | Elf:3    | Reached skill level 22 in Unarmed Combat
 47455 | Elf:3    | Reached XP level 22. HP: 227/234 MP: 21/21
 47455 | Elf:3    | Identified the cursed +1 spear of Evisceration {vorpal,
                  | rC++ SInv}
 47507 | Elf:3    | Identified the Collected Works on Poison
 47557 | Elf:3    | Identified the Grimoire of Evil and the Rocks
 47576 | Elf:3    | Bought a scroll of fear for 73 gold pieces
 47580 | Elf:3    | Bought a slimy jade ring for 175 gold pieces
 47580 | Elf:3    | Identified the ring "Fetoqoyf" {*Slow rF+ SInv Stlth+} (You
                  | bought it in a shop on level 3 of the Elven Halls)
 47855 | Slime:1  | Entered Level 1 of the Pits of Slime
 48105 | Depths:1 | Entered Level 1 of the Depths
 48705 | Depths:1 | Found a gateway to Hell.
 49091 | Depths:1 | Reached skill level 10 in Armour
 50276 | Depths:2 | Found a corrupted altar of Lugonu.
 50277 | Depths:2 | Found a one-way gate to the infinite horrors of the Abyss.
 50840 | Depths:2 | Reached skill level 23 in Unarmed Combat
 51604 | Depths:3 | Reached XP level 23. HP: 229/244 MP: 22/22
 51933 | Depths:3 | Found a one-way gate leading to the halls of Pandemonium.
 52736 | Depths:3 | Identified the amulet "Icrit" {Spirit +Inv rC- rN++ Str+3}
 52736 | Depths:3 | Identified the amulet "Umyith" {Acrobat rPois rF+ SInv}
 52748 | Depths:3 | Paralysed by a floating eye for 2 turns
 53545 | Depths:4 | Noticed a caustic shrike
 53558 | Depths:4 | Killed a caustic shrike
 53864 | Orc:2    | Bought the +1 shadow dragon scales "Nyaps" {rC+ Stlth++++}
                  | for 1584 gold pieces
 54355 | Depths:4 | Reached skill level 24 in Unarmed Combat
 54658 | Depths:4 | You fall into a shaft and drop 1 floor!
 54658 | Depths:5 | Entered Level 5 of the Depths
 54659 | Depths:5 | Noticed a juggernaut
 54920 | Depths:4 | Reached XP level 24. HP: 150/256 MP: 22/22
 55814 | Depths:5 | Found a gateway to a ziggurat.
 56462 | Depths:5 | Found a gate to the Realm of Zot.
 56514 | Depths:5 | Killed a juggernaut
 57124 | Depths:5 | Found the ring of Robustness {AC+8}
 57649 | Slime:1  | Gained mutation: You are clumsy. (Dex -2) [a shining eye]
 57655 | Slime:1  | Gained mutation: Scrolls take you a little longer to read.
                  | [a shining eye]
 57722 | Slime:2  | Gained mutation: Armour fits poorly on your strangely
                  | shaped body. [a shining eye]
 57753 | Slime:1  | Slain by an enormous slime creature

Illustrated notes

Levels and vault maps discovered:
D:1:      arrival_zaba_pyramid, layout_basic
D:2:      layout_basic, lemuel_round_altar, uniq_natasha, uniq_jessica
D:3:      layout_basic, lemuel_doored_altar, gammafunk_ghost_mausoleum,
          kennysheep_orc_chapel
D:4:      layout_basic, nicolae_qazlal_style_of_elements,
          chequers_hall_statues_corner_a, nicolae_gozag_seed_capital
D:5:      layout_basic, nicolae_tso_swordbearing_angel,
          minmay_temple_entry_nine_rooms, minmay_misc_feat_pillars,
          hangedman_feature_mirror, uniq_prince_ribbit1
D:6:      layout_cave_pools, serial_shops,
          nicolae_shop_competitors_out_of_business, grunt_dithmenos_smoke
D:7:      layout_cave_pools, grunt_temple_overflow_magic_moments,
          fedhas_altar_fruit_tree, old_standard_altar, uniq_menkaure,
          uniq_harold, uniq_pikel, uniq_duvessa
D:8:      layout_basic, kennysheep_little_box, serial_shops, shop_fountains,
          nicolae_ossuary_entry_catacombs, palyth_stone_intersect,
          roderic_malta_cross, uniq_grum
D:9:      layout_small_grid, gammafunk_temple_overflow_forgotten,
          due_lair_maze_entry_diamond, erik_orc_4, serial_shops, shop,
          chequers_serial_rivers_small_a, kennysheep_generic_room_14
D:10:     cheibrodos_fzero, layout_loops_ring
D:11:     layout_basic
D:12:     layout_basic, enter_bailey_3, enter_trove_5, david_defended_altar_elf
D:13:     statuecave_lemuel, layout_long_grid, grunt_vaults_entry_fortified,
          serial_bayou_pond_b, abandoned_shop, uniq_kirke
D:14:     layout_small_grid, kennysheep_big_empty_room
D:15:     hangedman_depths_entry_try_elsewhere_first, layout_cave_pools,
          hangedman_decor_push
Lair:1:   layout_chaotic_city, portal_ice_cave_entry_imps, uniq_sonja,
          uniq_gastronok
Lair:2:   layout_regular_city, serial_bayou_shore_b
Lair:3:   layout_misc_corridors, dummy_spider_entry,
          grunt_forest_small_clearings, infiniplex_staircase_pool
Lair:4:   dragon1_lemuel, layout_cave_pods, minmay_swamp_entry_worms,
          gauntlet_entry_generic, kennysheep_snail_temple
Lair:5:   layout_layer_cave, minmay_slime_entry_jelly_boxes, enter_volcano_2,
          serial_bayou_shore_a, uniq_snorg
Lair:6:   grunt_lair_end_beastmaster, layout_cave_pods, roderic_batcave,
          chequers_serial_rivers_micro_d, lemuel_fruit_fields
Swamp:1:  layout_falls_marsh, evilmike_swamp_ruin_house_3
Swamp:2:  layout_basic_swamp, serial_swamp_ruin, evilmike_swamp_ruin_house_1,
          evilmike_swamp_ruin_house_6, evilmike_swamp_ruin_house_2, swamp_pool4
Swamp:3:  layout_basic_swamp, nicolae_swamp_very_dense_foliage
Swamp:4:  swamp_basic_johnstein, layout_basic_swamp, uniq_bai_suzhen
Spider:1: layout_spider_delve, uniq_aizul
Spider:2: layout_spider_delve, uniq_azrael
Spider:3: layout_spider_delve, nicolae_spider_stair_cavern
Spider:4: johnstein_spider_rune_arachne_lair, nicolae_arachne_temple
Slime:1:  layout_caves
Slime:2:  layout_caves
Orc:1:    layout_diamond_mine
Orc:2:    grunt_orc_cross, layout_diamond_mine, serial_shops, shop, uniq_jorgrun
Elf:1:    eino_elf_arrival_the_gate, layout_loops_corners, orc_legates,
          uniq_roxanne
Elf:2:    layout_rooms
Elf:3:    elf_hall, layout_loops_ring, gammafunk_ghost_cemetery
Vaults:1: gammafunk_vaults_ghost_spectres, grunt_vaults_hallway_short,
          vaults_mumra_minichess_inversion, vaults_mumra_chevron_long,
          vaults_room_grid, ontoclasm_vaults_claustrophobia,
          grunt_vaults_twisty, v_misc_8, v_pattern_4, vaults_room_octagon,
          ontoclasm_vaults_gateway, layout_vaults_big_room, serial_shops, shop,
          uniq_asterion
Vaults:2: v_alt_pattern_5, vaults_room_boxed, v_pattern_5,
          nicolae_vaults_little_squares_1, nicolae_vaults_circle_grid_b,
          nicolae_vaults_little_squares_5, nicolae_vaults_network_s,
          hangedman_vaults_stretched_pinwheel, nicolae_vaults_three_branches,
          hangedman_vaults_nails, ontoclasm_vaults_loading_screen, v_misc_23,
          vaults_room_ringed_pool, ontoclasm_vaults_pinch, v_misc_24,
          ontoclasm_vaults_ligature, ontoclasm_vaults_shuriken,
          vaults_dpeg_ring, layout_vaults_maze_bifur
Vaults:3: hangedman_vaults_trim, vaults_room_semicircle,
          vaults_room_hangedman_quadrants, v_misc_26, hangedman_vaults_capsules,
          minmay_crypt_entry_simple_corners, vaults_room_semicircle,
          vaults_room_semicircle, vaults_room_corners, layout_vaults_quadrants,
          uniq_boris
Vaults:4: nicolae_vaults_specimen_jars, vaults_room_pool,
          nicolae_vaults_hallways_thing, ontoclasm_vaults_decontamination,
          v_misc_27, nicolae_vaults_arrows, v_misc_29, v_misc_14,
          hangedman_vaults_nodes, hangedman_vaults_nails,
          dpeg_vaults_monster_box, layout_vaults_omnibox, serial_shops, shop,
          shop, nicolae_shop_crystal, uniq_margery
Vaults:5: serial_shops
Depths:1: four-leaf_vault, layout_gridville, hell_entry,
          serial_sigils_hangedman_shear, serial_co_window_serial,
          co_window_paths_a, co_window_paths_a, co_window_paths_a,
          co_window_paths_a, co_window_of_opportunity_a, co_window_paths_b,
          co_window_of_opportunity_a, co_window_corner_a, co_window_paths_b,
          co_window_unsneaky_path_a, co_window_2corner,
          co_window_unsneaky_path_b, co_window_unsneaky_path_c, glass_columns_c,
          glass_columns_b, glass_columns_c
Depths:2: minmay_bubble_buster, layout_gridlike, minivault_14, hell_entry,
          abyss_entry_flame_altar, st_stairs_1
Depths:3: minmay_the_grid_3x3 [minmay_the_grid_doors,
          minmay_the_grid_broken_lines, minmay_the_grid_stretched_grid,
          minmay_the_grid_tri_star, minmay_the_grid_large_cup,
          minmay_the_grid_minigrid_small_alt, minmay_the_grid_mess,
          minmay_the_grid_plusring, minmay_the_grid_prize_four_corners],
          layout_basic, grunt_hell_entry_dis_grunt, grunt_pan_entry_zigzag,
          hangedman_cracks_in_the_wall
Depths:4: hangedman_crystal_crosses_colossus [crystal_crosses_arms_four,
          crystal_crosses_arms_two, crystal_crosses_arms_two,
          crystal_crosses_arms_one], abyss_entry, hell_entry, serial_shops
Depths:5: grunt_x_marks_the_spot, layout_cross, enter_ziggurat_a, hell_entry,
          hangedman_abyss_or_decor_passed, dk_noncrumbling_2,
          minmay_guarded_unrand_robustness

Skill      XL: |  1  2  3  4  5  6  7  8  9 10 11 12 13 14 15 16 17 18 19 20 21 22 23 24 |
---------------+-------------------------------------------------------------------------+-----
Armour         | 1 3 4 5 6 8 9 10 11 12 | 12.3
Unarmed Combat | 4 5 6 8 9 11 12 13 15 16 17 18 19 20 21 22 23 24 | 24.7
Fighting       | 3 4 5 6 7 8 9 10 11 12 13 14 15 16 17 18 | 18.5
Dodging        | 3 4 5 6 |  6.8
Shields        | 2 5 7 9 11 12 13 15 16 17 | 17.4
Evocations     | 1 4 5 7 8 9 10 11 12 13 | 13.4
Stealth        | |  1.0

Action                   |  1- 3 |  4- 6 |  7- 9 | 10-12 | 13-15 | 16-18 | 19-21 | 22-24 || total
-------------------------+-------+-------+-------+-------+-------+-------+-------+-------++-------
Melee: Unarmed           |    74 |   162 |   280 |   608 |  1453 |  1712 |  1505 |  1532 ||  7326
       Punch             |       |     1 |    12 |    21 |       |       |       |       ||    34
Invok: Potion Petition   |       |       |       |     2 |     1 |     2 |       |       ||     5
       Call Merchant     |       |       |       |       |     2 |     2 |     2 |     3 ||     9
       Bribe Branch      |       |       |       |       |       |       |       |     1 ||     1
 Abil: Evoke Flight      |       |       |       |       |     1 |       |       |       ||     1
Evoke: Wand              |       |       |       |     4 |     1 |     8 |     1 |     1 ||    15
       Lightning rod     |       |       |       |       |       |     2 |       |       ||     2
  Use: Scroll            |       |    10 |    12 |    11 |     6 |    13 |     3 |     4 ||    59
       Potion            |       |       |       |     4 |     3 |     7 |     2 |       ||    16
 Stab: Sleeping          |     1 |     3 |     3 |     3 |     7 |     4 |     6 |     3 ||    30
       Paralysed         |       |       |       |     1 |       |       |       |       ||     1
       Distracted        |       |       |       |     2 |    11 |    15 |    11 |    16 ||    55
       Invisible         |       |       |       |       |     1 |       |       |       ||     1
       Petrifying        |       |       |       |       |       |       |       |     1 ||     1
Armor: Robe              |    35 |    50 |    97 |   107 |   129 |       |       |       ||   418
       Skin              |       |       |       |    20 |       |       |       |       ||    20
       Quicksilver drago |       |       |       |       |   143 |   510 |   204 |   137 ||   994
       Shadow dragon sca |       |       |       |       |       |       |       |   127 ||   127
Dodge: Dodged            |    59 |    91 |   190 |   366 |   625 |   710 |   252 |   216 ||  2509
Block: Kite shield       |       |       |       |   142 |   308 |       |       |       ||   450
       Tower shield      |       |       |       |       |   823 |  1862 |  1104 |  1083 ||  4872

Table legend: (Time is in decaauts)
 A = Elapsed time spent in this place.
 B = Non-inter-level travel time spent in this place.
 C = Inter-level travel time spent in this place.
 D = Time resting spent in this place.
 E = Time spent auto-exploring this place.
 F = Levels seen in this place.
 G = Mean time per level.
                   A        B        C        D        E       F      G
               +--------+--------+--------+--------+--------+-----+--------+
         Total |  55804 |  51636 |   4168 |   8925 |  30247 |  51 | 1094.2 |
       Dungeon |  13797 |  12298 |   1499 |    729 |   8709 |  15 |  919.8 |
          Lair |   8491 |   7563 |    928 |   1797 |   4364 |   6 | 1415.2 |
         Swamp |   4651 |   4468 |    183 |   1222 |   2357 |   4 | 1162.8 |
   Spider Nest |   4691 |   4526 |    165 |    949 |   2387 |   4 | 1172.8 |
    Slime Pits |     97 |     96 |      1 |     27 |      0 |   2 |   48.5 |
  Orcish Mines |   3036 |   2376 |    660 |    586 |    929 |   2 | 1518.0 |
   Elven Halls |   3540 |   3385 |    155 |    365 |   2210 |   3 | 1180.0 |
        Vaults |   6457 |   6198 |    259 |    894 |   3672 |   5 | 1291.4 |
        Depths |   8181 |   7865 |    316 |   1594 |   4549 |   5 | 1636.2 |
       Ossuary |    228 |    228 |      0 |      0 |    149 |   1 |  228.0 |
        Bailey |    474 |    474 |      0 |    192 |    113 |   1 |  474.0 |
      Ice Cave |    817 |    817 |      0 |    283 |    233 |   1 |  817.0 |
       Volcano |    528 |    528 |      0 |    165 |    190 |   1 |  528.0 |
      Gauntlet |    810 |    810 |      0 |    121 |    383 |   1 |  810.0 |
               +--------+--------+--------+--------+--------+-----+--------+

Top non-repeatable levels by time:
Vaults:3: 2105 daAuts
  Lair:5: 1949 daAuts
  Lair:4: 1937 daAuts
  Lair:6: 1866 daAuts
Depths:1: 1832 daAuts
Depths:3: 1794 daAuts
Depths:4: 1753 daAuts
Vaults:4: 1685 daAuts
   Orc:1: 1520 daAuts
   Orc:2: 1516 daAuts
Spider:4: 1482 daAuts
Depths:2: 1463 daAuts
   Elf:1: 1457 daAuts
Spider:3: 1456 daAuts
     D:9: 1397 daAuts
